 Dungeon Crawl Stone Soup version 0.29.0-11-gd7f09526c8 (webtiles) character file.

Game seed: 645839610736162925

399 sanka the Ruffian (level 6, -9/52 HPs)
             Began as a Draconian Monk on Sept 2, 2022.
             Mangled by a hobgoblin
             ... wielding a +0 scythe
              (11 damage)
             ... on level 4 of the Dungeon.
             The game lasted 00:05:51 (3803 turns).

sanka the Ruffian (Draconian Monk)                  Turns: 3803, Time: 00:05:52

Health: -9/52      AC:  6    Str: 20    XL:     6   Next: 54%
Magic:  15/15      EV: 12    Int: 12    God:
Gold:   163        SH:  0    Dex: 13    Spells: 5/5 levels left

rFire   . . .      SeeInvis .     - Unarmed
rCold   . . .      Faith    .   (no shield)
rNeg    . . .      Spirit   .   (body armour unavailable)
rPois   .          Reflect  .   (helmet restricted)
rElec   .          Harm     .   (no cloak)
rCorr   .          Rampage  .   (no gloves)
Will    .....                   (no boots)
Stlth   ++........              (no amulet)
HPRegen 0.17/turn               s - +6 ring of strength
MPRegen 0.14/turn               p - ring of magical power

@: mighty
A: AC +6, unfitting armour, cold-blooded
a: no special abilities


You were on level 4 of the Dungeon.
You visited 1 branch of the dungeon, and saw 4 of its levels.

You collected 163 gold pieces.


Innate Abilities, Weirdness & Mutations

Your plain brown scales are hard. (AC +6)
You cannot fit into any form of body armour.
You are cold-blooded and may be slowed by cold attacks.


   Skills:
 - Level 4.0 Fighting
 - Level 3.0 Dodging
 - Level 2.0 Stealth
 * Level 7.0 Unarmed Combat


You had 5 spell levels left.
You didn't know any spells.
Your spell library contained the following spells:

 Spells                   Type           Power      Damage    Failure   Level
 Foxfire                  Conj/Fire      0%         2x1d4     32%         1
 Sublimation of Blood     Necr           0%         N/A       45%         2
 Wereblood                Tmut           0%         N/A       45%         2
 Conjure Flame            Conj/Fire      0%         6-21      69%         3
 Frozen Ramparts          Ice            0%         1d1       69%         3
 Inner Flame              Hex/Fire       0%         N/A       69%         3
 Flame Wave               Conj/Fire      0%         2d4       97%         4
 Ice Form                 Ice/Tmut       0%         N/A       97%         4
 Summon Ice Beast         Ice/Summ       0%         N/A       97%         4
 Summon Hydra             Summ           0%         N/A       100%        7

Inventory:

Jewellery
 p - a ring of magical power (right hand)
 s - a +6 ring of strength (left hand)
Wands
 l - a wand of digging (6)
Scrolls
 d - a scroll of immolation {unknown}
 e - a scroll of noise {unknown}
 g - a scroll of magic mapping {unknown}
 h - 4 scrolls of blinking
 k - 2 scrolls of enchant weapon
 n - 2 scrolls of vulnerability {unknown}
 q - a scroll of poison {unknown}
 r - a scroll of teleportation {unknown}
 t - a scroll of fear {unknown}
Potions
 a - a potion of ambrosia
 c - a potion of might
 f - a potion of cancellation {unknown}
 i - a potion of brilliance {unknown}
 j - a potion of curing {unknown}
 m - 2 potions of mutation {!q}
 o - a potion of heal wounds {unknown}

Dungeon Overview and Level Annotations

Branches:
Dungeon (4/15)
 Temple: D:4-7

Altars:
Fedhas
Gozag
Qazlal

Annotations:
D:3 3 runed translucent doors, bear's ghost, weakling DEHW
D:4 Dowan; Duvessa

▒..▒▒.e......▒ ▒.▒▒▒........▒
▒.▒▒.o.▒▒▒▒▒▒▒ ▒.▒▒~)≈≈≈≈▒
▒▒▒▒▒▒▒▒▒.▒▒...▒▒▒▒
▒.......▒.▒▒▒..▒
▒▒.▒▒▒▒▒.▒.▒▒▒#.▒
▒▒▒▒▒.....▒▒..▒.▒▒o.▒
).........▒▒.▒▒▒dg..▒
▒▒▒▒......▒▒..▒.▒▒.▒▒
▒...[.....▒[▒▒▒▒▒ ▒▒......▒.▒▒▒▒▒
▒▒▒ ▒........▒▒.. 'e......)...'..
▒..▒▒....[▒.▒ ▒8.........8▒▒.
▒..▒▒▒.▒..▒)▒ ▒.........▒ ▒.
▒▒▒▒▒..▒▒......[▒ ▒8.....8▒▒▒▒.
..............▒.▒▒▒▒▒▒.....▒▒.▒▒.


You could see an orc and a hobgoblin.


Message History

Grinder is severely wounded.
You punch Grinder!
You kill Grinder!
Your Unarmed Combat skill gained 2 levels and is now at level 7!
You have reached level 6!
Your scales feel tougher.
Unknown command.
Unknown command.
You start resting.
A hobgoblin is nearby!
The hobgoblin shouts!
You hear a shout!
The hobgoblin barely misses you. The hobgoblin closely misses you.
You barely miss the hobgoblin.
The hobgoblin hits you with a +0 scythe.
* * * LOW HITPOINT WARNING * * *
You barely miss the hobgoblin.
You tail-slap the hobgoblin, but do no damage.
The orc misses you.
The hobgoblin hits you with a +0 scythe.
* * * LOW HITPOINT WARNING * * *
You closely miss the hobgoblin. Your punch misses the hobgoblin.
The orc hits you but does no damage.
The hobgoblin hits you with a +0 scythe!
* * * LOW HITPOINT WARNING * * *
The hobgoblin attacks as you move away!
The hobgoblin hits you with a +0 scythe!
You die...

Action                   |  1- 3 |  4- 6 || total
-------------------------+-------+-------++-------
Melee: Unarmed           |   107 |   160 ||   267
       Tailslap          |    15 |    15 ||    30
       Punch             |     5 |       ||     5
  Use: Potion            |       |     3 ||     3
       Scroll            |       |     4 ||     4
 Stab: Sleeping          |     1 |     4 ||     5
       Distracted        |       |     1 ||     1
Armor: Skin              |    29 |    41 ||    70
Dodge: Dodged            |    60 |    81 ||   141

Levels and vault maps discovered:
D:1:      nagdon_arrival_double_spiral, layout_basic
D:2:      layout_basic, uniq_jessica
D:3:      layout_loops_ring, mainiacjoe_overflow_cross_hatched,
          gammafunk_ghost_split, shapermc_ecumenical_altar_notcrosses
D:4:      layout_loops_cross, lemuel_round_altar, overflow_temple_1_default,
          dk_noncrumbling_4, chequers_serial_rivers_micro_b, sigmund_army,
          uniq_grinder, uniq_duvessa, uniq_eustachio

Notes
Turn   | Place    | Note
-------+----------+-------------------------------------------
     0 | D:1      | sanka the Draconian Monk began the quest for the Orb.
     0 | D:1      | Reached XP level 1. HP: 19/19 MP: 1/1
   292 | D:1      | Reached skill level 2 in Stealth
   426 | D:1      | Reached XP level 2. HP: 26/26 MP: 2/2
   742 | D:2      | Reached skill level 3 in Dodging
   905 | D:2      | Reached XP level 3. HP: 33/33 MP: 3/3
  1238 | D:2      | Noticed Jessica
  1260 | D:2      | Killed Jessica
  1261 | D:2      | Reached skill level 4 in Fighting
  1261 | D:2      | Reached skill level 4 in Unarmed Combat
  1268 | D:2      | Reached XP level 4. HP: 8/40 MP: 4/4
  1852 | D:3      | Found a runed translucent gate.
  1853 | D:3      | Found a runed translucent gate.
  1853 | D:3      | Noticed bear's ghost (weakling DEHW)
  1855 | D:3      | Found a runed translucent gate.
  1940 | D:3      | Found an opulent altar of Gozag.
  2181 | D:3      | Reached skill level 5 in Unarmed Combat
  2181 | D:3      | Reached XP level 5. HP: 28/46 MP: 5/5
  2655 | D:3      | Found a faded altar of an unknown god.
  2779 | D:4      | Noticed an ogre
  2780 | D:4      | Found a stormy altar of Qazlal.
  2997 | D:4      | Noticed Dowan
  3087 | D:4      | Noticed Grinder
  3166 | D:4      | Noticed Duvessa
  3697 | D:4      | Found a blossoming altar of Fedhas.
  3775 | D:4      | Killed Grinder
  3776 | D:4      | Reached skill level 7 in Unarmed Combat
  3776 | D:4      | Reached XP level 6. HP: 11/52 MP: 6/6
  3802 | D:4      | HP: 2/52 [hobgoblin/+0 scythe (9)]
  3803 | D:4      | Mangled by a hobgoblin

Vanquished Creatures
  Grinder (D:4)
  A hound (D:4)
  Jessica (D:2)
  2 orc wizards (D:3)
  An adder (D:2)
  A worm (D:2)
  4 orcs
  5 ball pythons
  9 endoplasms
  5 giant cockroaches
  6 goblins
  12 hobgoblins
  3 jackals (D:3)
  5 kobolds
  2 quokkas
  7 bats
  5 frilled lizards
  2 rats (D:1)
72 creatures vanquished.
